 Dungeon Crawl Stone Soup version 0.20.0-10-g0535bb4 (webtiles) character file.

2091 mike2R the Skirmisher (level 9, 0/55 HPs)
             Began as a Deep Elf Wizard on June 2, 2017.
             Was a Priest of Yredelemnul.
             Slain by a hell rat (17 damage)
             ... on level 7 of the Dungeon on June 3, 2017.
             The game lasted 01:27:19 (10871 turns).

mike2R the Skirmisher (Deep Elf Wizard)            Turns: 10871, Time: 01:27:20

Health: 0/55       AC:  2    Str:  6    XL:     9   Next: 6%
Magic:  2/19       EV: 12    Int: 27    God:    Yredelemnul [***...]
Gold:   156        SH:  0    Dex: 15    Spells: 5/18 levels left

rFire    . . .     SeeInvis +   a - +0 dagger
rCold    + . .     Gourm    .   (no shield)
rNeg     . . .     Faith    +   k - +0 robe of the Sun {MR+} (curse)
rPois    +         Spirit   .   O - +0 hat
rElec    .         Reflect  .   (no cloak)
rCorr    .         Harm     .   (no gloves)
MR       +....                  (no boots)
Stlth    +++.......             r - amulet of faith
Regen    0.2/turn               B - +2 ring of dexterity
MPRegen  0.2/turn               G - ring of protection from cold

@: very slightly contaminated, drained
A: horns 1, see invisible, poison resistance, strong 1, evolution 1
a: Recall Undead Slaves, Injury Mirror, Animate Dead, Renounce Religion


You were on level 7 of the Dungeon.
You worshipped Yredelemnul.
Yredelemnul was most pleased with you.
You were very hungry.

You visited 1 branch of the dungeon, and saw 7 of its levels.
You also visited: Ossuary.

You collected 304 gold pieces.
You spent 148 gold pieces at shops.

Inventory:

Hand Weapons
 a - a +0 dagger (weapon)
 b - the +2 hunting sling "Spiderbane" {freeze, Int+6}
   (You found it on level 5 of the Dungeon)

   It causes projectiles fired from it to freeze those they strike, causing
   extra injury to most foes and up to half again as much damage against
   particularly susceptible opponents.
   They can also slow down cold-blooded creatures.
   It affects your intelligence (+6).
 h - a -1 club
 o - a +0 spear
 v - a +0 short sword
 y - a +0 trident
 T - a +2 whip of electrocution
Missiles
 H - 4 tomahawks
 P - 75 stones
 X - 3 javelins (quivered)
Armour
 k - the cursed +0 robe of the Sun (worn) {MR+}
   (You bought it in a shop on level 6 of the Dungeon)

   It affects your resistance to hostile enchantments.
   It has a curse placed upon it.
 p - a +0 robe
 u - a cursed +0 buckler
 z - a +2 helmet
 O - a +0 hat (worn)
 Q - the +0 ring mail of Mahodd {Regen+ Int+3, unknown}
   (You found it on level 6 of the Dungeon)

   It affects your intelligence (+3).
   It increases your rate of regeneration.
 S - a +0 animal skin
Jewellery
 r - an amulet of faith (around neck)
 B - a +2 ring of dexterity (left hand)
 G - a ring of protection from cold (right hand)
 J - an uncursed ring of poison resistance
Wands
 x - a wand of flame (48/48)
Scrolls
 f - 2 scrolls of blinking
 m - 4 scrolls of remove curse
 q - 2 scrolls of random uselessness {unknown}
 s - a scroll of amnesia {unknown}
 t - a scroll of teleportation {unknown}
 w - 2 scrolls of enchant armour {unknown}
 A - a scroll of fog {unknown}
 D - a scroll of magic mapping {unknown}
 E - a scroll of enchant weapon {unknown}
 F - 2 scrolls of immolation
 I - a scroll of recharging
 K - a scroll of noise {unknown}
 N - a scroll of summoning {unknown}
Potions
 e - a potion of heal wounds
 g - 2 potions of agility
 i - a potion of flight
 n - 4 potions of haste
 C - 2 potions of curing
 L - a potion of brilliance
 M - a potion of lignification
 R - a potion of resistance {unknown}
 U - a potion of invisibility {unknown}
 W - a potion of might {unknown}
Books
 c - a book of Minor Magic

   Spells                             Type                      Level
   a - Magic Dart                     Conjuration                  1
   b - Blink                          Translocation                2
   c - Call Imp                       Summoning                    2
   d - Slow                           Hexes                        2
   e - Conjure Flame                  Conjuration/Fire             3
   f - Mephitic Cloud                 Conjuration/Poison/Air       3
Comestibles
 d - 5 bread rations
 j - 7 fruits
 l - 3 meat rations
 V - a chunk of flesh


   Skills:
 - Level 6.1(5.5) Fighting
 + Level 5.2(4.6) Short Blades
 - Level 2.4(1.9) Dodging
 + Level 5.6(5.0) Stealth
 - Level 5.3(4.7) Spellcasting
 - Level 4.3(3.7) Conjurations
 - Level 1.1(0.6) Summonings
 - Level 1.1(0.6) Translocations
 - Level 4.7(4.2) Invocations


You had 5 spell levels left.
You knew the following spells:

 Your Spells              Type           Power        Failure   Level  Hunger
a - Magic Dart            Conj           ####         1%          1    None
b - Call Imp              Summ           #.......     9%          2    None
c - Blink                 Tloc           N/A          9%          2    None
d - Slow                  Hex            #.......     11%         2    None
e - Conjure Flame         Conj/Fire      ###.....     10%         3    ##.....
f - Mephitic Cloud        Conj/Pois/Air  ##......     13%         3    ##.....


Dungeon Overview and Level Annotations

Branches:
Dungeon (7/15)
 Temple: D:4-7

Altars:
Kikubaaqudgha
Makhleb
Uskayaw
Yredelemnul
The Shining One

Shops:
D:6 [

Annotations:
D:2 Jessica


Innate Abilities, Weirdness & Mutations

You have a pair of small horns on your head.
You have supernaturally acute eyesight. (SInv)
Your system is resistant to poisons. (rPois)
Your muscles are strong. (Str +2)
You evolve.


Message History

The hell rat closely misses you.
You hit the hell rat but do no damage.
The hell rat is severely wounded.
The hell rat bites you.
You hit the hell rat but do no damage.
The hell rat is severely wounded.
The hell rat bites you!
You feel drained.
You barely miss the hell rat.
The hell rat is severely wounded.
The hell rat closely misses you.
Casting: Magic Dart
Confirm with . or Enter, or press ? or * to list all spells.
Aiming: Magic Dart
Press: ? - help, Shift-Dir - straight line, f - hell rat
Aim: a hell rat (severely wounded)
The magic dart hits the hell rat.
The hell rat is severely wounded.
The hell rat bites you!
You die...
Your body rises from the dead as a mindless zombie.

# . #. # #.# ######.##
##(## #.......# #.#..
###### #.......#
#.O.###@.#.###<.......
#..orrr##.#.##.......#
#..##o##r###.#...##)....
#.# r## ##.#### .... .o#
## ### ... o## .. .. . .


You could see a hell rat, an orc wizard, a river rat, an orc, 2 quokkas and a
rat.

Vanquished Creatures
  Pikel (D:6)
  A human (D:2)
  An orc warrior (D:6)
  A sky beast (D:6)
  A slave (D:6)
  A black bear (D:6)
  3 ogres
  A water moccasin zombie (Ossuary)
  2 scorpions
  A centaur zombie (D:5)
  4 crimson imps
  An orc wizard (D:4)
  2 orc priests
  2 hounds (D:4)
  2 iguanas (D:4)
  2 bullfrog skeletons
  Terence (D:2)
  3 worker ants
  A hell rat (D:7)
  A killer bee zombie (D:7)
  3 big kobold zombies (Ossuary)
  A hound skeleton (D:4)
  2 mummies (Ossuary)
  A howler monkey skeleton (D:4)
  4 gnolls (D:4)
  10 adders
  4 river rats (D:7)
  An ooze (D:4)
  3 adder zombies (Ossuary)
  A worm (D:4)
  3 dart slugs
  7 leopard geckos
  20 orcs
  5 giant cockroaches
  A gnoll zombie (Ossuary)
  13 goblins
  11 hobgoblins
  3 jackals (D:5)
  5 quokkas
  A ball python (D:4)
  10 bats
  7 frilled lizards
  2 hobgoblin zombies (Ossuary)
  7 kobolds
  A kobold skeleton (D:2)
  4 kobold zombies (Ossuary)
  A leopard gecko skeleton (D:5)
  A leopard gecko zombie (D:5)
  An orc zombie (Ossuary)
  A quokka skeleton (D:4)
  16 rats
182 creatures vanquished.

Vanquished Creatures (collateral kills)
  A bullfrog (D:6)
  An orc priest (D:6)
  An iguana (D:4)
  A big kobold zombie (Ossuary)
  Robin (D:2)
  An adder (D:4)
  An ooze (D:1)
  An adder skeleton (D:6)
  A worm (D:2)
  4 orcs (D:6)
  2 giant cockroaches
  4 goblins (D:2)
  2 hobgoblins (D:2)
  A jackal (D:4)
  2 bats (D:1)
  3 hobgoblin zombies (Ossuary)
  3 kobold zombies (Ossuary)
  3 orc zombies (Ossuary)
33 creatures vanquished.

Vanquished Creatures (others)
  2 slaves (D:6)
  An orc wizard (D:6)
  A worker ant zombie (D:6)
  An adder zombie (D:6)
  A hobgoblin zombie (Ossuary)
  2 jackal zombies (D:5)
  An orc skeleton (D:4)
  An orc zombie (D:4)
  A river rat zombie (D:7)
11 creatures vanquished.

Grand Total: 226 creatures vanquished

Notes
Turn   | Place    | Note
-------+----------+-------------------------------------------
     0 | D:1      | mike2R the Deep Elf Wizard began the quest for the Orb.
     0 | D:1      | Reached XP level 1. HP: 10/10 MP: 7/7
   242 | D:1      | Reached XP level 2. HP: 15/15 MP: 6/9
   246 | D:1      | Learned a level 2 spell: Blink
   249 | D:1      | Learned a level 2 spell: Call Imp
   252 | D:1      | Learned a level 2 spell: Slow
  1025 | D:1      | Reached XP level 3. HP: 19/19 MP: 7/10
  1034 | D:1      | Learned a level 3 spell: Conjure Flame
  1272 | D:2      | Noticed Robin
  1418 | D:2      | Killed Robin
  1629 | D:2      | Reached skill level 5 in Spellcasting
  1853 | D:2      | Noticed Terence
  2355 | D:2      | Noticed Jessica
  2390 | D:1      | Reached XP level 4. HP: 12/24 MP: 2/13
  2544 | D:1      | Learned a level 3 spell: Mephitic Cloud
  2636 | D:2      | Killed Terence
  3060 | D:2      | Noticed a human
  3061 | D:2      | Found a runed door.
  3068 | D:2      | Found a basalt altar of Yredelemnul.
  3098 | D:2      | Killed a human
  3098 | D:2      | Reached XP level 5. HP: 14/28 MP: 3/14
  3187 | D:2      | Became a worshipper of Yredelemnul the Dark
  3403 | D:2      | Reached XP level 6. HP: 32/32 MP: 13/16
  4739 | D:3      | Found a faded altar of an unknown god.
  4932 | D:3      | Reached * piety under Yredelemnul
  5333 | D:4      | Gained mutation: Your flesh is heat resistant. (rF+) [potion of mutation]
  5333 | D:4      | Gained mutation: You have a pair of small horns on your head. [potion of mutation]
  5573 | D:4      | Reached XP level 7. HP: 16/36 MP: 1/17
  5788 | D:4      | Found a glowing golden altar of the Shining One.
  5813 | D:4      | Reached skill level 1 in Invocations
  7359 | D:5      | Entered Level 5 of the Dungeon
  7501 | D:5      | Reached ** piety under Yredelemnul
  7714 | D:5      | Reached skill level 1 in Fighting
  7825 | D:5      | Found a sand-covered staircase.
  7875 | Ossuary  | Entered an ossuary
  8456 | Ossuary  | Reached skill level 2 in Fighting
  8474 | Ossuary  | Reached XP level 8. HP: 41/44 MP: 2/18
  8951 | D:5      | Got a bloodstained hunting sling
  8952 | D:5      | Identified the cursed +2 hunting sling "Spiderbane" {freeze, Int+6} (You found it on level 5 of the Dungeon)
  8988 | D:5      | Reached skill level 3 in Fighting
  9101 | D:5      | Found an ancient bone altar of Kikubaaqudgha.
  9318 | D:5      | Found a hide-covered altar of Uskayaw.
  9326 | D:5      | Found a burning altar of Makhleb.
  9547 | D:6      | Reached *** piety under Yredelemnul
  9547 | D:6      | Reached skill level 4 in Fighting
  9864 | D:6      | Noticed Pikel
  9893 | D:6      | Killed Pikel
  9893 | D:6      | Reached skill level 5 in Fighting
  9908 | D:6      | Reached skill level 6 in Fighting
 10182 | D:6      | Lost mutation: You have a pair of small horns on your head. [potion of mutation]
 10182 | D:6      | Lost mutation: Your flesh is heat resistant. (rF+) [potion of mutation]
 10182 | D:6      | Gained mutation: Scrolls take you a little longer to read. [potion of mutation]
 10182 | D:6      | Gained mutation: You are agile. (Dex +2) [potion of mutation]
 10182 | D:6      | Gained mutation: Potions are less effective at restoring your health. [potion of mutation]
 10182 | D:6      | Gained mutation: You evolve. [potion of mutation]
 10183 | D:6      | Lost mutation: Scrolls take you a little longer to read. [potion of mutation]
 10183 | D:6      | Lost mutation: You are agile. (Dex +2) [potion of mutation]
 10183 | D:6      | Gained mutation: You are weak. (Str -2) [potion of mutation]
 10183 | D:6      | Gained mutation: Your flesh is cold resistant. (rC+) [potion of mutation]
 10184 | D:6      | Lost mutation: You are weak. (Str -2) [potion of mutation]
 10184 | D:6      | Lost mutation: Potions are less effective at restoring your health. [potion of mutation]
 10184 | D:6      | Lost mutation: Your flesh is cold resistant. (rC+) [potion of mutation]
 10184 | D:6      | Gained mutation: Your system is resistant to poisons. (rPois) [potion of mutation]
 10184 | D:6      | Gained mutation: You have supernaturally acute eyesight. (SInv) [potion of mutation]
 10184 | D:6      | Gained mutation: Your muscles are strong. (Str +2) [potion of mutation]
 10184 | D:6      | Gained mutation: You have a pair of small horns on your head. [potion of mutation]
 10192 | D:6      | Upgraded the game from 0.20.0-8-g6b59dc7 to 0.20.0-10-g0535bb4
 10196 | D:6      | Found Efapp's Antique Armour Emporium.
 10207 | D:6      | Bought a brightly glowing robe for 148 gold pieces
 10217 | D:6      | Identified the cursed +0 robe of the Sun {MR+} (You bought it in a shop on level 6 of the Dungeon)
 10246 | D:6      | Reached skill level 5 in Stealth
 10276 | D:6      | Reached skill level 5 in Short Blades
 10352 | D:6      | Reached XP level 9. HP: 49/55 MP: 4/19
 10457 | D:6      | Got a heavily runed ring mail
 10871 | D:7      | Slain by a hell rat

Skill      XL: |  1  2  3  4  5  6  7  8 |
---------------+-------------------------+-----
Conjurations   | 2 3 4 |  4.3
Spellcasting   | 5 |  5.3
Short Blades   | 3 4 5 |  5.2
Stealth        | 4 5 |  5.6
Invocations    | 4 |  4.7
Fighting       | 2 6 |  6.1
Dodging        | |  2.4
Summonings     | |  1.1
Translocations | |  1.1

Action                   |  1- 3 |  4- 6 |  7- 9 || total
-------------------------+-------+-------+-------++-------
Melee: Club              |     2 |       |       ||     2
       Trident           |    14 |     8 |       ||    22
       Dagger            |       |    80 |   214 ||   294
       Headbutt          |       |     2 |    25 ||    27
Throw: Tomahawk          |       |       |     1 ||     1
 Cast: Magic Dart        |    88 |   101 |   182 ||   371
       Call Imp          |    16 |     2 |    28 ||    46
       Conjure Flame     |     6 |       |       ||     6
       Blink             |     4 |     2 |     3 ||     9
       Slow              |     1 |     4 |     1 ||     6
       Mephitic Cloud    |       |    17 |    28 ||    45
Invok: Animate Remains   |       |       |    11 ||    11
       Recall Undead Sla |       |       |     3 ||     3
       Animate Dead      |       |       |     6 ||     6
  Use: Scroll            |     3 |     3 |     6 ||    12
       Potion            |       |     2 |     6 ||     8
 Stab: Sleeping          |     1 |    10 |    12 ||    23
       Confused          |       |     8 |    13 ||    21
       Distracted        |       |       |     1 ||     1
  Eat: Chunk             |     3 |    11 |    12 ||    26
       Fruit             |     1 |       |       ||     1
       Royal jelly       |       |       |     2 ||     2
       Meat ration       |       |       |     1 ||     1
Armor: Robe              |    14 |    15 |    16 ||    45
Dodge: Dodged            |    31 |    50 |   127 ||   208
